 Dungeon Crawl Stone Soup version 0.29.1-15-g9cfb28693d (webtiles) character file.

Game seed: 3076235294434323452

1696297 LaPetiteMort the Shatterer (level 26, 198/198 HPs)
             Began as a Gargoyle Fighter on Apr 21, 2023.
             Was a High Priest of Okawaru.
             Escaped with the Orb
             ... and 3 runes!
             The game lasted 03:15:55 (64775 turns).

LaPetiteMort the Shatterer (Gargoyle Fighter)      Turns: 64775, Time: 03:15:56

Health: 198/198    AC: 69    Str: 33    XL:     26   Next: 86%
Magic:  34/34      EV: 14    Int:  9    God:    Okawaru [*****.]
Gold:   4338       SH: 14    Dex: 15    Spells: 25/25 levels left

rFire   + . .      SeeInvis +   b - +9 eveningstar (flame)
rCold   + + .      Faith    .   j - +0 kite shield {reflect}
rNeg    + . .      Spirit   .   c - +13 crystal plate armour of Weits {SInv}
rPois   ∞          Reflect  +   (helmet restricted)
rElec   +          Harm     .   e - scarf {repulsion}
rCorr   +          Rampage  ∞   D - +1 pair of gloves "Diorphad" {rC+ Int-3 Dex+3}
Will    ++...                   m - +3 pair of seven-league boots {Rampage+∞}
Stlth   ..........              S - amulet of Vitality {RegenMP++ Regen++}
HPRegen 2.03/turn               h - ring of Peupn {rF+ rC+ Str+6 Dex+3}
MPRegen 1.04/turn               t - ring of Zeagitoj {Will+ rCorr SInv Stlth+}

@: flying, studying 3 skills, repel missiles
A: sickness immunity, AC +20, big wings, negative energy resistance 1,
electricity resistance, torment resistance 1, petrification resistance, horns 1,
clumsy 1, deterioration 1, robust 1, subdued magic 1
0: Orb of Zot
}: 3/15 runes: decaying, silver, gossamer
a: Renounce Religion, Heroism, Finesse, Duel


You escaped.
You worshipped Okawaru.
Okawaru was extremely pleased with you.
You visited 9 branches of the dungeon, and saw 45 of its levels.
You visited the Abyss 1 time.
You also visited: Trove, Bailey, Gauntlet and Ice Cave.

You collected 6024 gold pieces.
You spent 1686 gold pieces at shops.

Inventory:

Hand Weapons
 b - a +9 eveningstar of flaming (weapon)
Missiles
 H - 3 boomerangs of dispersal
 I - 31 javelins (quivered)
 J - 10 throwing nets
 P - 8 silver javelins
Armour
 c - the +13 crystal plate armour of Weits (worn) {SInv}
   (Okawaru gifted it to you on level 3 of the Depths)

   SInv:      It lets you see invisible.
 e - a scarf of repulsion (worn)
 j - a +0 kite shield of reflection (worn)
 m - the +3 pair of seven-league boots (worn) {Rampage+∞}
   (Okawaru gifted it to you on level 5 of the Vaults)

   Its wearer moves as far as possible in that direction when moving towards
   enemies.
 D - the +1 pair of gloves "Diorphad" (worn) {rC+ Int-3 Dex+3}
   (Okawaru gifted it to you on level 9 of the Dungeon)

   Int:       It affects your intelligence (-3).
   Dex:       It affects your dexterity (+3).
   rC:        It protects you from cold.
 K - a +2 helmet of see invisible
 R - a +5 plate armour of fire resistance
Jewellery
 h - the ring of Peupn (left hand) {rF+ rC+ Str+6 Dex+3}
   (You found it in a treasure trove)

   [ring of strength]

   Str:       It affects your strength (+6).
   Dex:       It affects your dexterity (+3).
   rF:        It protects you from fire.
   rC:        It protects you from cold.
 n - the brooch of Shielding {Spirit SH+8}
   (You found it on level 2 of the Depths)

   [amulet of guardian spirit]

   It causes incoming damage to be divided between your reserves of health and
   magic.
   SH:        It affects your SH (+8).
 t - the ring of Zeagitoj (right hand) {Will+ rCorr SInv Stlth+}
   (You found it on level 2 of the Depths)

   [ring of see invisible]

   SInv:      It lets you see invisible.
   rCorr:     It protects you from acid and corrosion.
   Will:      It increases your willpower.
   Stlth:     It makes you more stealthy.
 w - the ring "Yfrihaop" {rC+ Int+3}
   (You found it on level 7 of the Dungeon)

   [ring of protection from cold]

   Int:       It affects your intelligence (+3).
   rC:        It protects you from cold.
 F - the amulet "Beunem" {rF++ Regen+ Str-2 Int+3}
   (You bought it in a shop on level 2 of the Orcish Mines)

   [amulet of regeneration]

   Str:       It affects your strength (-2).
   Int:       It affects your intelligence (+3).
   rF:        It greatly protects you from fire.
   Regen:     It increases your rate of health regeneration.
 N - the ring of Vitzomiv {rPois Will++ Str+5 Dex+4}
   (You took it off a tengu reaver on level 5 of the Vaults)

   [ring of poison resistance]

   Str:       It affects your strength (+5).
   Dex:       It affects your dexterity (+4).
   rPois:     It protects you from poison.
   Will:      It greatly increases your willpower.
 O - the ring "Ummisis" {rElec rPois Str+6}
   (You found it in a treasure trove)

   [ring of strength]

   Str:       It affects your strength (+6).
   rElec:     It insulates you from electricity.
   rPois:     It protects you from poison.
 S - the amulet of Vitality (around neck) {RegenMP++ Regen++}
   (You found it on level 3 of the Depths)

   [amulet of magic regeneration]

   It increases your rate of magic regeneration.
   Regen:     It increases your rate of health regeneration.
 T - the ring "Ytofre" {rPois Dex+3 SInv Stlth+}
   (You found it on level 5 of the Lair of Beasts)

   [ring of see invisible]

   Dex:       It affects your dexterity (+3).
   rPois:     It protects you from poison.
   SInv:      It lets you see invisible.
   Stlth:     It makes you more stealthy.
 U - the amulet "Suadur" {Reflect SH+5 SInv}
   (You found it in a treasure trove)

   [amulet of reflection]

   It reflects blocked missile attacks.
   SInv:      It lets you see invisible.
   SH:        It affects your SH (+5).
 Y - a ring of ice
Wands
 s - a wand of polymorph (20)
 x - a wand of acid (35)
 y - a wand of iceblast (31)
 C - a wand of paralysis (13)
 E - a wand of mindburst (31)
 L - a wand of digging (5)
 W - a wand of flame (29)
Scrolls
 a - 3 scrolls of fear
 f - 6 scrolls of vulnerability
 g - 5 scrolls of teleportation
 u - 8 scrolls of fog
 z - 5 scrolls of poison
 Q - 3 scrolls of silence
 V - 2 scrolls of torment
 X - 2 scrolls of magic mapping
 Z - 8 scrolls of blinking
Potions
 d - 3 potions of might
 i - 20 potions of curing
 k - 7 potions of invisibility
 l - 3 potions of heal wounds
 o - 11 potions of attraction
 p - 10 potions of mutation
 q - 8 potions of cancellation
 r - 7 potions of resistance
 v - 3 potions of berserk rage
 A - a potion of brilliance
 B - 2 potions of magic
 G - 3 potions of ambrosia
 M - 5 potions of haste


   Skills:
 + Level 22.6 Fighting
 + Level 23.5 Maces & Flails
 - Level 12.0 Throwing
 + Level 22.6 Armour
 - Level 16.0 Dodging
 - Level 8.0 Stealth
 - Level 16.0 Shields
 - Level 15.0 Invocations


You had 25 spell levels left.
You didn't know any spells.
Your spell library contained the following spells:

 Spells                   Type           Power      Damage    Failure   Level
 Apportation              Tloc           0%         N/A       99%         1
 Magic Dart               Conj           0%         1d3       99%         1
 Necrotise                Necr           0%         1d4       99%         1
 Sandblast                Erth           0%         2d4       99%         1
 Slow                     Hex            0%         N/A       99%         1
 Passwall                 Tmut/Erth      0%         N/A       99%         2
 Static Discharge         Conj/Air       0%         3-3/arc   99%         2
 Wereblood                Tmut           0%         N/A       99%         2
 Confusing Touch          Hex            0%         N/A       100%        3
 Gell's Gravitas          Tloc           0%         N/A       100%        3
 Lesser Beckoning         Tloc           0%         N/A       100%        3
 Mephitic Cloud           Conj/Pois/Air  0%         N/A       100%        3
 Portal Projectile        Hex/Tloc       0%         N/A       100%        3
 Stone Arrow              Conj/Erth      0%         3d7       100%        3
 Teleport Other           Tloc           0%         N/A       100%        3
 Vampiric Draining        Necr           0%         2d6       100%        3
 Leda's Liquefaction      Hex/Erth       0%         N/A       100%        4
 Olgreb's Toxic Radiance  Pois           0%         N/A       100%        4
 Passage of Golubria      Tloc           0%         N/A       100%        4
 Petrify                  Tmut/Erth      0%         N/A       100%        4
 Agony                    Necr           0%         N/A       100%        5
 Alistair's Intoxication  Tmut/Pois      0%         N/A       100%        5
 Freezing Cloud           Conj/Ice/Air   0%         6-21      100%        5
 Lee's Rapid Deconstruct  Erth           0%         3d5*      100%        5
 Lightning Bolt           Conj/Air       0%         1d11      100%        5
 Metabolic Englaciation   Hex/Ice        0%         N/A       100%        5
 Yara's Violent Unravell  Hex/Tmut       0%         3d3       100%        5
 Dispersal                Tloc           0%         N/A       100%        6
 Enfeeble                 Hex            0%         N/A       100%        7
 Ozocubu's Refrigeration  Ice            0%         4d7       100%        7
 Disjunction              Tloc           0%         N/A       100%        8
 Ignition                 Fire           0%         3d3       100%        8
 Lehudib's Crystal Spear  Conj/Erth      0%         10d2      100%        8
 Maxwell's Capacitive Co  Air            0%         ∞         100%        8
 Polar Vortex             Ice            0%         N/A       100%        9
 Call Imp                 Summ           Unusable   N/A       N/A         2
 Sublimation of Blood     Necr           Unusable   N/A       N/A         2
 Call Canine Familiar     Summ           Unusable   N/A       N/A         3
 Tukima's Dance           Hex            Unusable   N/A       N/A         3
 Animate Armour           Summ/Erth      Unusable   N/A       N/A         4
 Simulacrum               Ice/Necr       Unusable   N/A       N/A         6
 Statue Form              Tmut/Erth      Unusable   N/A       N/A         6
 Summon Hydra             Summ           Unusable   N/A       N/A         7

Dungeon Overview and Level Annotations

Branches:
Dungeon (15/15)            Temple (1/1) D:4            Lair (5/5) D:9
  Swamp (4/4) Lair:3       Spider (4/4) Lair:3        Slime (0/5) Lair:5
    Orc (2/2) D:11            Elf (0/3) Orc:2        Vaults (5/5) D:14
  Crypt (0/3) Vaults:2     Depths (4/4) D:15            Zot (5/5) Depths:4
 Bailey (visited)           IceCv (visited)         Gauntlet (visited)

Altars:
Ashenzari
Cheibriados
Dithmenos
Elyvilon
Fedhas
Gozag
Hepliaklqana
Kikubaaqudgha
Makhleb
Nemelex Xobeh
Okawaru
Qazlal
Ru
Sif Muna
Trog
Uskayaw
Vehumet
Wu Jian
Xom
Yredelemnul
Zin
The Shining One
Jiyva
Lugonu

Shops:
D:2 =   Orc:2 ?=[[   Zot:2 *   Depths:4 ?

Portals:
Hell: Depths:1 Depths:2 Depths:3 Depths:4
Abyss: Lair:5 Depths:2 Depths:3 Depths:4
Pandemonium: Depths:1 Depths:2 Depths:3
Ziggurat: Depths:2

Annotations:
D:5 2 transporters, Panino's ghost, novice OpTm
D:7 3 runed translucent doors, exclusion: upstairs, groll's ghost, novice MiBe
Lair:1 1 runed translucent door, nightchill's ghost, journeyman GrFi
Spider:3 Roxanne
Depths:3 3 runed translucent doors
Zot:5 exclusion: 2 upstairs


Innate Abilities, Weirdness & Mutations

You are immune to sickness and miasma.
Your stone body is resilient. (AC +20)
You are immune to poison.
Your large and strong wings let you fly.
You resist negative energy. (rN+)
You are resistant to electric shocks. (rElec)
You are resistant to unholy torment.
You are immune to petrification.
You have a pair of small horns on your head.
You are clumsy. (Dex -2)
Your body sometimes deteriorates upon taking damage.
You are robust. (+10% HP)
Your spells are a little easier to cast, but a little less powerful.


Message History

There is a stone staircase leading down here.
You see here a +0 scale mail.
There is a stone staircase leading up here.
You fly upwards.
There is a stone staircase leading down here.
Naojir comes into view.
You feel yourself speed up.
An ancient lich comes into view.
There is a stone staircase leading up here.
You fly upwards.
Level annotation: 2 transporters, Panino's ghost, novice OpTm
There is a stone staircase leading down here.
(D) Dungeon (T) Temple (L) Lair (S) Swamp (N) Spider Nest (M) Slime Pits (O) Orcish Mines (E) Elven Halls (V) Vaults (C) Crypt (U) Depths (H) Hell (Z) Zot
Where to? (Enter - D:1, ? - help)
There is a stone staircase leading up here.
You fly upwards.
There is a stone staircase leading down here.
Your extra speed is starting to run out.
You feel yourself slow down.
There is a stone staircase leading up here.
You fly upwards.
There is a stone staircase leading down here.
There is a stone staircase leading up here.
You fly upwards.
There is a stone staircase leading down here.
There is a stone staircase leading up here.
You fly upwards.
There is a stone staircase leading down here.
You feel yourself speed up.
A Brimstone Fiend comes into view.
A hellion comes into view.
Your extra speed is starting to run out.
You feel yourself slow down.
You reach down and open the door.
There is an open door here.
There is a staircase leading out of the dungeon here.
You have escaped!

................................#
#......##...###...###...........#
#................................
##.##......#.....................
##.##......#.....................
##.##......#...###...............
##.###.....#..##.##......._......
...........#..#...#..............
##.###.....#..'.@.'..............
...........#..#...#..............
##.###.....#..##.##..............
#.# #.....#...###...............
#.# ####..#...........##.......#
#.# #..#..............#.###.# #.#
####................# #.#
#.#########.############.#####.#
#...............#...............


There were no monsters in sight!

Vanquished Creatures
  4 ancient liches (Zot:5)
  3 orbs of fire (Zot:5)
  4 dread liches
  Mara (Vaults:4)
  Sojobo (Vaults:4)
  A royal mummy (Depths:3)
  10 Killer Klowns (Zot:5)
  Josephina (Zot:2)
  Boris (Depths:3)
  Xtahua (Vaults:2)
  Margery (Vaults:3)
  5 golden dragons
  Saint Roka (Vaults:5)
  A curse toe (Zot:5)
  Nikola (Vaults:1)
  Arachne (Arena)
  Jory (Vaults:4)
  A bone dragon (Depths:4)
  the Enchantress (Depths:2)
  9 tentacled monstrosities
  9 titans
  22 Orb Guardians
  3 liches
  5 quicksilver dragons
  A tentacled starspawn (Abyss:3)
  9 sphinxes
  3 death cobs
  10 tengu reavers
  8 storm dragons
  9 shadow dragons
  5 thorn hunters
  A storm dragon (shapeshifter) (Depths:1)
  A fenstrider witch (Swamp:4)
  4 fire giants
  8 draconian monks
  Donald (Orc:2)
  An emperor scorpion (shapeshifter) (Depths:2)
  22 vault wardens
  13 frost giants
  2 draconian knights
  2 deep elf sorcerers
  2 orc warlords (Vaults:3)
  7 ghost moths
  5 draconian shifters
  A draconian stormcaller (Zot:2)
  2 balrugs
  A deep elf elementalist (Abyss:3)
  5 emperor scorpions
  5 iron dragons
  2 broodmothers
  5 draconian scorchers
  A reaper (IceCv)
  Louise (Spider:1)
  32 very ugly things
  20 ironbound preservers
  10 war gargoyles
  3 ironbound thunderhulks
  4 spriggan defenders
  4 draconian annihilators
  9 stone giants
  14 green draconians
  An eleionoma (shapeshifter) (Depths:2)
  3 vampire knights
  A deep elf demonologist (Vaults:5)
  8 entropy weavers
  4 eleionomae
  3 bunyips
  A minotaur (Gauntlet)
  A deep elf annihilator (Vaults:3)
  9 red draconians
  8 black draconians
  10 white draconians
  6 spark wasps
  10 yellow draconians
  4 dire elephants (Vaults:1)
  10 purple draconians
  An ettin (shapeshifter) (Vaults:5)
  Snorg (Lair:3)
  A deep elf death mage (Vaults:4)
  3 green deaths (Depths:3)
  10 ettins
  4 mummy priests (Depths:3)
  3 crystal guardians
  3 blizzard demons
  Harold (Orc:1)
  11 fire dragons
  23 yaktaur captains
  A shambling mangrove (Swamp:1)
  6 great orbs of eyes
  4 deep elf high priests
  33 vault guards
  6 rakshasas
  A quicksilver dragon skeleton (Abyss:2)
  2 peacekeepers
  8 ice dragons
  A ghost crab (Swamp:3)
  27 hydras
  10 boulder beetles
  4 jorogumos
  6 spriggan air magi
  3 ogre magi
  4 alligators
  2 radroaches
  2 hell beasts
  13 centaur warriors
  6 ironbound frosthearts
  9 two-headed ogres
  The ghost of diceflayer the Fighter, a novice DsHu of Okawaru (D:9)
  2 catoblepae
  The ghost of enotiy the Cleaver, a journeyman GrFi of Yredelemnul (D:12)
  5 tengu warriors
  4 death yaks (Lair:4)
  16 dancing weapons
  6 hell hogs
  4 deep troll shamans
  7 thrashing horrors
  9 orc high priests
  Urug (Lair:4)
  4 deep troll earth magi
  2 vampire magi
  15 hell knights
  5 spriggan berserkers
  11 spriggans
  11 sun demons
  Sonja (D:12)
  4 soul eaters
  5 skeletal warriors (D:15)
  A deep elf knight (Vaults:2)
  2 pharaoh ants (Spider:2)
  2 wretched stars
  2 iron trolls
  2 sixfirhies (Depths:3)
  2 goliath frogs
  11 orb spiders
  A death drake (Swamp:3)
  72 deep trolls
  8 steelbarb worms
  9 glowing orange brains
  8 swamp dragons
  A sun moth (Spider:4)
  3 bog bodies
  A lindwurm (shapeshifter) (Depths:2)
  A harpy (shapeshifter) (Depths:2)
  6 wizards
  20 ironbound convokers
  3 phantasmal warriors
  10 orc knights
  A deep elf pyromancer (D:14)
  13 lindwurms
  10 necromancers
  5 obsidian statues
  A human zombie (Vaults:5)
  42 ugly things
  8 cyclopes
  A deep elf zephyrmancer (Vaults:3)
  22 wolf spiders
  A faun (shapeshifter) (Depths:2)
  2 orc sorcerers
  A manticore (shapeshifter) (Depths:2)
  2 manticores
  A moth of wrath (shapeshifter) (Depths:3)
  22 moths of wrath
  4 will-o-the-wisps
  A cyclops (shapeshifter) (Lair:5)
  2 black mambas (shapeshifter)
  29 elephants
  Joseph (D:7)
  25 vault sentinels
  2 rust devils (Depths:3)
  5 black mambas
  Maurice (D:8)
  4 torpor snails
  3 ice statues
  2 elephants (shapeshifter)
  2 molten gargoyles (Depths:2)
  A titan simulacrum (Vaults:5)
  5 gargoyles
  7 smoke demons
  2 large abominations
  14 cane toads
  5 kobold demonologists (D:12)
  6 komodo dragons
  2 rime drakes (shapeshifter)
  9 demonic crawlers
  5 rime drakes
  7 ice devils
  6 tengu conjurers
  An efreet (D:15)
  41 yaktaurs
  4 freezing wraiths
  3 ancient zymes
  5 guardian mummies (Depths:3)
  6 trolls
  28 tarantellas
  9 meliai
  A yaktaur skeleton (Vaults:1)
  A merfolk (shapeshifter) (Lair:5)
  A queen bee (Lair:5)
  A meliai (shapeshifter) (D:9)
  A polar bear (shapeshifter) (Depths:2)
  5 tyrant leeches
  2 bloated husks
  4 polar bears
  A slime creature (shapeshifter) (Depths:2)
  Prince Ribbit (D:8)
  A wind drake (Depths:2)
  A wolf spider simulacrum (D:15)
  29 hornets
  41 slime creatures
  A fire giant simulacrum (Vaults:5)
  4 raiju (Depths:2)
  27 blink frogs
  A shadow dragon simulacrum (Zot:2)
  A draconian simulacrum (Zot:2)
  23 jumping spiders
  6 air elementals (Depths:2)
  7 water elementals
  A centaur simulacrum (D:15)
  A human simulacrum (Vaults:1)
  28 culicivoras
  A dire elephant simulacrum (IceCv)
  59 yaks
  3 fire bats (Depths:3)
  A vampire (D:9)
  2 wraiths
  4 wyverns
  4 ynoxinuls
  10 basilisks
  5 humans (Bailey)
  A basilisk (shapeshifter) (D:15)
  5 fire elementals (Depths:2)
  2 death yak simulacra (IceCv)
  3 neqoxecs
  58 redbacks
  A steam dragon (D:7)
  6 chaos spawn
  7 vampire mosquitoes
  2 harpy simulacra (IceCv)
  Menkaure (D:5)
  7 wargs
  3 acid dragons
  A glowing shapeshifter zombie (Vaults:5)
  A floating eye (shapeshifter) (Depths:2)
  16 swamp worms
  Duvessa (D:5)
  19 water moccasins
  28 orc warriors
  3 black bears
  A moth of wrath simulacrum (Zot:2)
  A floating eye (Depths:4)
  9 swamp drakes
  An ice beast (D:15)
  6 ogres
  9 wolves
  8 boggarts
  13 centaurs
  An ogre (shapeshifter) (Depths:2)
  A boggart (shapeshifter) (Vaults:4)
  An elf simulacrum (Vaults:1)
  A phantom (D:5)
  22 bullfrogs
  11 kobold brigands
  A gnoll sergeant (D:4)
  9 earth elementals (Depths:2)
  A necrophage (D:7)
  A cane toad simulacrum (IceCv)
  2 scorpions
  3 two-headed ogre simulacra (IceCv)
  7 wights
  Dowan (D:5)
  An elephant simulacrum (IceCv)
  10 small abominations (Lair:5)
  A howler monkey (D:13)
  29 killer bees
  9 electric eels
  2 crimson imps (Abyss:3)
  3 jellies
  3 hounds
  22 orc priests
  Crazy Yiuf (D:5)
  2 gnoll boudas
  23 orc wizards
  4 iguanas
  A spriggan simulacrum (IceCv)
  2 troll simulacra (IceCv)
  A mummy (Depths:3)
  13 gnolls
  6 adders
  2 naga simulacra (IceCv)
  A shadow imp (D:7)
  8 white imps
  5 ufetubi
  4 worms (Spider:1)
  2 dart slugs
  47 orcs
  4 ball pythons
  A bat (shapeshifter) (D:9)
  2 bats
  8 endoplasms
  11 goblins
  6 hobgoblins
  7 jackals (D:3)
  3 quokkas
  4 frilled lizards
  14 kobolds
  3 rats
  3 briar patches (Swamp:2)
2089 creatures vanquished.

Vanquished Creatures (others)
  A death cob (Zot:2)
  A draconian knight (Zot:2)
  A wizard (Depths:1)
  A wolf spider (Spider:4)
  A storm dragon simulacrum (Zot:2)
  4 bloated husks
  A hornet (Swamp:4)
  A water elemental (Depths:2)
  A warg (Vaults:4)
  4 swamp worms
  2 orc warriors (Vaults:5)
  An ogre (Vaults:4)
  A wight (D:5)
  2 ufetubi
  An orc (Vaults:5)
  10 ball lightnings (Depths:2)
  A briar patch (Swamp:2)
  3 demonic plants (Abyss:3)
  4 foxfires (Swamp:4)
  11 fungi
  55 plants
  3 starspawn tentacles (Abyss:3)
110 creatures vanquished.

Grand Total: 2199 creatures vanquished

Notes
Turn   | Place    | Note
-------+----------+-------------------------------------------
     0 | D:1      | LaPetiteMort the Gargoyle Fighter began the quest for the
                  | Orb.
     0 | D:1      | Reached XP level 1. HP: 14/14 MP: 1/1
     3 | D:1      | Found a faded altar of an unknown god.
   273 | D:1      | Prayed at the altar of an unknown god.
   273 | D:1      | Became a worshipper of Warmaster Okawaru
   273 | D:1      | Reached * piety under Okawaru
   478 | D:1      | Reached XP level 2. HP: 19/19 MP: 2/2
  1105 | D:2      | Found Qaffo's Jewellery Boutique.
  1525 | D:2      | Reached XP level 3. HP: 21/23 MP: 3/3
  2113 | D:3      | Reached XP level 4. HP: 29/29 MP: 4/4
  2208 | D:3      | Reached skill level 3 in Maces & Flails
  2570 | D:3      | Identified the amulet "Duor" {Regen+ Int+4}
  2814 | D:4      | Noticed a black bear
  2833 | D:4      | Reached XP level 5. HP: 25/33 MP: 3/5
  2850 | D:4      | Killed a black bear
  2851 | D:4      | Reached skill level 5 in Armour
  2851 | D:4      | Reached XP level 6. HP: 18/39 MP: 2/6
  2927 | D:4      | Found a staircase to the Ecumenical Temple.
  2998 | Temple   | Entered the Ecumenical Temple
  3153 | D:4      | Reached skill level 4 in Maces & Flails
  3181 | D:4      | Reached skill level 5 in Fighting
  3258 | D:4      | Reached ** piety under Okawaru
  3626 | D:5      | Entered Level 5 of the Dungeon
  3628 | D:5      | Noticed Menkaure
  3637 | D:5      | Killed Menkaure
  3638 | D:5      | Reached XP level 7. HP: 43/44 MP: 4/7
  3672 | D:5      | Noticed Duvessa
  3672 | D:5      | Noticed Dowan
  3775 | D:4      | Reached skill level 5 in Maces & Flails
  4138 | D:5      | Reached skill level 6 in Maces & Flails
  4186 | D:5      | Reached XP level 8. HP: 36/51 MP: 8/8
  4315 | D:5      | Reached *** piety under Okawaru
  4356 | D:5      | Reached skill level 7 in Maces & Flails
  4457 | D:5      | Found a transporter.
  4461 | D:5      | Noticed Panino's ghost (novice OpTm)
  4557 | D:5      | Found a transporter.
  4725 | D:5      | Killed Dowan
  4771 | D:5      | Killed Duvessa
  4865 | D:5      | Found a runed translucent door.
  4869 | D:5      | Noticed Crazy Yiuf
  4876 | D:5      | Killed Crazy Yiuf
  5020 | D:6      | Reached skill level 8 in Maces & Flails
  5044 | D:6      | Noticed a kobold demonologist
  5048 | D:6      | Noticed a five-headed hydra
  5071 | D:7      | Reached skill level 9 in Maces & Flails
  5074 | D:7      | Reached skill level 1 in Invocations
  5074 | D:7      | Reached XP level 9. HP: 56/56 MP: 8/10
  5093 | D:7      | Identified the ring "Yfrihaop" {rC+ Int+3}
  5184 | D:7      | Reached **** piety under Okawaru
  5490 | D:7      | Noticed Joseph
  5502 | D:7      | Killed Joseph
  5830 | D:7      | Found a runed translucent gate.
  5830 | D:7      | Found a runed translucent gate.
  5831 | D:7      | Found a runed translucent gate.
  5832 | D:7      | Noticed groll's ghost (novice MiBe)
  6154 | D:8      | Identified the +4 chain mail "Ejadurch" {rElec Int+3}
  6166 | D:8      | Noticed a two-headed ogre
  6312 | D:8      | Noticed Maurice
  6327 | D:8      | Killed Maurice
  6329 | D:8      | Reached ***** piety under Okawaru
  6331 | D:8      | Reached skill level 10 in Fighting
  6348 | D:8      | Reached skill level 1 in Dodging
  6431 | D:8      | Reached XP level 10. HP: 68/68 MP: 13/13
  6443 | D:8      | Killed a two-headed ogre
  6443 | D:8      | Received a gift from Okawaru
  6524 | D:8      | Found an ornate altar of the Wu Jian Council.
  6819 | D:8      | Noticed Prince Ribbit
  6829 | D:8      | Killed Prince Ribbit
  6868 | D:8      | Found a basalt altar of Yredelemnul.
  6870 | D:8      | Found a snail-covered altar of Cheibriados.
  6904 | D:9      | Found a runed translucent gate.
  6904 | D:9      | Found a runed translucent gate.
  6904 | D:9      | Found a runed translucent gate.
  6921 | D:9      | Reached skill level 5 in Dodging
  7077 | D:9      | Identified the +1 pair of gloves "Diorphad" {rC+ Int-3
                  | Dex+3} (Okawaru gifted it to you on level 9 of the Dungeon)
  7077 | D:9      | Received a gift from Okawaru
  7120 | D:9      | Reached skill level 5 in Invocations
  7150 | D:9      | Found a staircase to the Lair.
  7280 | D:9      | Noticed a shock serpent
  7280 | D:9      | Noticed a red ugly thing
  7281 | D:9      | Noticed a red ugly thing
  7281 | D:9      | Noticed a purple ugly thing
  7282 | D:9      | Noticed a brown ugly thing
  7282 | D:9      | a shock serpent changed into a redback
  7282 | D:9      | Noticed a purple ugly thing
  7287 | D:9      | Noticed a faun
  7287 | D:9      | a redback changed into a faun
  7289 | D:9      | Noticed a shining eye
  7289 | D:9      | a faun changed into a shining eye
  7290 | D:9      | a shining eye changed into a floating eye
  7292 | D:9      | Noticed a faun
  7292 | D:9      | a floating eye changed into a faun
  7430 | D:9      | Found a broken altar of Ashenzari.
  7433 | D:9      | Found a stormy altar of Qazlal.
  7714 | D:10     | Entered Level 10 of the Dungeon
  7733 | D:10     | Reached XP level 11. HP: 73/73 MP: 15/15
  7747 | D:10     | Identified the +4 quarterstaff "Hyfit" {spect, Will+ Str+2}
  7966 | D:10     | Reached skill level 10 in Maces & Flails
  8001 | D:10     | Noticed a boulder beetle
  8047 | D:10     | Killed a boulder beetle
  8094 | D:10     | Found the +6 shillelagh "Devastator" {shatter}
  8104 | D:10     | Noticed a two-headed ogre
  8113 | D:10     | Killed a two-headed ogre
  8133 | D:10     | Found a flagged portal.
  8148 | Bailey   | Entered a bailey
  8167 | Bailey   | Reached skill level 11 in Maces & Flails
  8257 | Bailey   | Noticed a vault guard
  8268 | Bailey   | Killed a vault guard
  8328 | Bailey   | Noticed a vault guard
  8332 | Bailey   | Reached skill level 12 in Maces & Flails
  8337 | Bailey   | Killed a vault guard
  8337 | Bailey   | Received a gift from Okawaru
  8376 | D:10     | Found a sparkling altar of Nemelex Xobeh.
  8667 | D:10     | Identified the +3 scale mail of Dogma {Rampage Str+6
                  | Stlth-} (Okawaru gifted it to you on level 10 of the
                  | Dungeon)
  8667 | D:10     | Received a gift from Okawaru
  8674 | D:10     | Reached XP level 12. HP: 80/81 MP: 16/16
  8818 | D:11     | Reached ****** piety under Okawaru
  8819 | D:11     | Reached skill level 13 in Maces & Flails
  8823 | D:11     | Found a portal to a secret trove of treasure.
  8957 | Trove    | Entered a treasure trove
  8959 | Trove    | Found the ring of the Mage {Wiz Archmagi}
  8965 | Trove    | Identified the ring "Liamp" {Fire rPois Str+2 Dex-5 SInv}
  8967 | Trove    | Identified the ring of Peupn {rF+ rC+ Str+6 Dex+3}
  8971 | Trove    | Identified the amulet of Medon {RegenMP rElec}
  8975 | Trove    | Identified the ring "Paes" {*Corrode rElec rF+ Str+6 SInv}
  8978 | Trove    | Identified the amulet "Hueg" {Faith rC+ rCorr Dex-5}
  8982 | Trove    | Identified the ring "Ummisis" {rElec rPois Str+6}
  8988 | Trove    | Identified the ring of Xydwyeta {rPois Dex+2}
  8990 | Trove    | Identified the ring "Menlefepp" {rElec rPois Slay+2}
  8992 | Trove    | Identified the amulet of Ecsaunach {Faith *Corrode +Blink
                  | rF+}
  8994 | Trove    | Identified the amulet "Suadur" {Reflect SH+5 SInv}
  8996 | Trove    | Identified the ring of Pidwuq {EV+4 Str-5 Dex+9}
  9017 | D:11     | Found a staircase to the Orcish Mines.
  9059 | D:11     | Noticed a centaur warrior
  9071 | D:11     | Killed a centaur warrior
  9338 | D:11     | Reached skill level 14 in Maces & Flails
  9904 | D:11     | Noticed a six-headed hydra
  9910 | D:11     | Killed a six-headed hydra
  9911 | D:11     | Reached skill level 5 in Shields
 10110 | Lair:1   | Entered Level 1 of the Lair of Beasts
 10464 | Lair:1   | Reached XP level 13. HP: 78/86 MP: 19/19
 10686 | Lair:1   | Found a runed translucent door.
 10687 | Lair:1   | Noticed nightchill's ghost (journeyman GrFi)
 11114 | Lair:2   | Found a frozen archway.
 11127 | IceCv    | Entered an ice cave
 11185 | IceCv    | Reached skill level 10 in Armour
 11625 | IceCv    | Noticed a reaper
 11641 | IceCv    | Killed a reaper
 13110 | Lair:3   | Noticed Snorg
 13119 | Lair:3   | Killed Snorg
 13283 | Lair:3   | Identified the +4 leather armour "Fioxzut" {Regen+ Str+6
                  | Int-4}
 13375 | Lair:3   | Gained mutation: Your large and strong wings let you fly.
                  | [Gargoyle growth]
 13375 | Lair:3   | Reached XP level 14. HP: 81/92 MP: 20/20
 13435 | Lair:3   | Identified the +1 scale mail of Objectivity {rF- Str+9
                  | Dex+6} (Okawaru gifted it to you on level 3 of the Lair of
                  | Beasts)
 13435 | Lair:3   | Received a gift from Okawaru
 13525 | Lair:3   | Found a staircase to the Swamp.
 13672 | Lair:3   | Found a hole to the Spider Nest.
 14037 | Lair:4   | Found a gate leading to a gauntlet.
 14076 | Gauntlet | Entered a Gauntlet
 14076 | Gauntlet | Found a transporter.
 14076 | Gauntlet | Found a transporter.
 14076 | Gauntlet | Found a runed translucent gate.
 14076 | Gauntlet | Found a runed translucent gate.
 14077 | Gauntlet | Found a runed translucent gate.
 14078 | Gauntlet | Found a transporter.
 14078 | Gauntlet | Found a transporter.
 14083 | Gauntlet | Found a transporter.
 14083 | Gauntlet | Found a transporter.
 14112 | Gauntlet | Found a transporter.
 14116 | Gauntlet | Found a transporter.
 14127 | Gauntlet | Noticed an entropy weaver
 14131 | Gauntlet | Found a transporter.
 14136 | Gauntlet | Found a runed translucent door.
 14143 | Gauntlet | Found a transporter.
 14157 | Gauntlet | Found a transporter.
 14161 | Gauntlet | Found a transporter.
 14350 | Gauntlet | Killed an entropy weaver
 14362 | Gauntlet | Identified the -1 pair of boots "Cemydoed" {rC+ Int+4}
 14474 | Lair:4   | Identified the +6 whip of the Desolation of Salt {freeze,
                  | Fly Dex+4}
 14580 | Lair:4   | Noticed Urug
 14591 | Lair:4   | Killed Urug
 15126 | Lair:5   | Entered Level 5 of the Lair of Beasts
 15126 | Lair:5   | Found a viscous altar of Jiyva.
 15130 | Lair:5   | Found a staircase to the Slime Pits.
 15138 | Lair:5   | Received a gift from Okawaru
 15699 | Lair:5   | Reached XP level 15. HP: 85/100 MP: 21/21
 15700 | Lair:5   | Identified the +5 chain mail "Miamiash" {Rampage} (Okawaru
                  | gifted it to you on level 5 of the Lair of Beasts)
 15700 | Lair:5   | Received a gift from Okawaru
 15898 | Lair:5   | Reached skill level 10 in Invocations
 16233 | Lair:5   | Identified the ring "Ytofre" {rPois Dex+3 SInv Stlth+}
 16369 | Lair:5   | Found a corrupted altar of Lugonu.
 16369 | Lair:5   | Found a one-way gate to the infinite horrors of the Abyss.
 16815 | Orc:1    | Entered Level 1 of the Orcish Mines
 16917 | Orc:2    | Entered Level 2 of the Orcish Mines
 16939 | Orc:2    | Noticed Donald
 16954 | Orc:2    | Killed Donald
 16954 | Orc:2    | Identified the +3 plate armour of the Shrieking God {Str-4
                  | Dex+6} (Okawaru gifted it to you on level 2 of the Orcish
                  | Mines)
 16954 | Orc:2    | Received a gift from Okawaru
 16994 | Orc:1    | Noticed Harold
 17002 | Orc:1    | Killed Harold
 17322 | Orc:2    | Found a staircase to the Elven Halls.
 17413 | Orc:2    | Reached skill level 15 in Maces & Flails
 17938 | Orc:2    | Found Iriotul's Armour Emporium.
 17938 | Orc:2    | Found Sinunotu's Jewellery Shoppe.
 17939 | Orc:2    | Found Feor's Magic Scroll Shoppe.
 17943 | Orc:2    | Found Edegiy's Antique Armour Emporium.
 17951 | Orc:2    | Bought a smoking chain mail for 190 gold pieces
 17951 | Orc:2    | Identified the +0 chain mail of Ceclut {rElec} (You bought
                  | it in a shop on level 2 of the Orcish Mines)
 18264 | D:12     | Noticed Sonja
 18272 | D:12     | Killed Sonja
 18278 | D:12     | Found a runed translucent gate.
 18278 | D:12     | Found a runed translucent gate.
 18278 | D:12     | Found a runed translucent gate.
 18279 | D:12     | Noticed enotiy's ghost (journeyman GrFi)
 18376 | D:12     | Killed enotiy's ghost
 18636 | D:12     | Found a hide-covered altar of Uskayaw.
 18639 | D:12     | Reached skill level 16 in Maces & Flails
 18754 | D:12     | Reached skill level 1 in Throwing
 19102 | D:13     | Found an ornate altar of the Wu Jian Council.
 19239 | D:13     | Reached XP level 16. HP: 106/106 MP: 25/25
 19907 | D:14     | Identified the +4 short sword "Nielo" {drain, rC+ Str+3
                  | Dex-5}
 20022 | D:14     | Received a gift from Okawaru
 20038 | D:14     | Reached skill level 5 in Throwing
 20252 | D:14     | Found a gate to the Vaults.
 20272 | D:14     | Received a gift from Okawaru
 20743 | D:15     | Entered Level 15 of the Dungeon
 21486 | D:15     | Found a staircase to the Depths.
 21560 | D:15     | Received a gift from Okawaru
 21922 | D:15     | Reached skill level 15 in Fighting
 22493 | Spider:1 | Entered Level 1 of the Spider Nest
 22691 | Spider:1 | Noticed Louise
 22827 | Spider:2 | Received a gift from Okawaru
 22827 | Spider:2 | Found the +7 Spriggan's Knife {stab, EV+4 Stlth+}
 22927 | Spider:2 | Reached XP level 17. HP: 113/113 MP: 26/26
 24031 | Spider:2 | Reached skill level 10 in Shields
 24690 | Spider:2 | Received a gift from Okawaru
 25088 | Spider:3 | Identified Roxanne's Secrets of the Boulder
 25088 | Spider:3 | Noticed Roxanne
 25106 | Spider:3 | Noticed Arachne
 25108 | Arena    | Entered the Arena
 25119 | Arena    | Killed Arachne
 25158 | Spider:3 | Received a gift from Okawaru
 25522 | Spider:4 | Entered Level 4 of the Spider Nest
 25608 | Spider:4 | Received a gift from Okawaru
 25621 | Spider:4 | Reached skill level 10 in Throwing
 25896 | Spider:4 | Received a gift from Okawaru
 26799 | Spider:4 | Reached XP level 18. HP: 120/120 MP: 27/27
 27011 | Spider:4 | Got a gossamer rune of Zot
 27041 | Spider:4 | Received a gift from Okawaru
 27475 | Spider:1 | Killed Louise
 28827 | Swamp:1  | Entered Level 1 of the Swamp
 28838 | Swamp:1  | Identified the +2 cloak "Soheon" {rC+ Int+3} (Okawaru
                  | gifted it to you on level 1 of the Swamp)
 28838 | Swamp:1  | Received a gift from Okawaru
 28899 | Swamp:1  | Identified the +3 war axe "Jatooq" {vorpal, rF+}
 29077 | Swamp:1  | Identified the +7 arbalest of Cheibriados, Uplifting {elec,
                  | rN+ Stlth+}
 31406 | Swamp:4  | Entered Level 4 of the Swamp
 32274 | Swamp:3  | Received a gift from Okawaru
 32896 | Swamp:3  | Reached XP level 19. HP: 119/133 MP: 28/28
 33027 | Swamp:4  | Received a gift from Okawaru
 33317 | Swamp:4  | Received a gift from Okawaru
 33426 | Swamp:4  | Got a decaying rune of Zot
 33890 | D:9      | Found a runed translucent gate.
 33890 | D:9      | Found a runed translucent gate.
 33895 | D:9      | Noticed diceflayer's ghost (novice DsHu)
 33899 | D:9      | Found a runed translucent gate.
 33935 | D:9      | Killed diceflayer's ghost
 34125 | Vaults:1 | Entered Level 1 of the Vaults
 34141 | Vaults:1 | Noticed Nikola
 34170 | Vaults:1 | Killed Nikola
 34860 | Vaults:1 | Reached skill level 17 in Maces & Flails
 34900 | Vaults:1 | Received a gift from Okawaru
 34915 | Vaults:1 | HP: 5/135 [yaktaur captain/bolt (36)]
 35551 | D:14     | Received a gift from Okawaru
 35560 | D:14     | Reached skill level 18 in Maces & Flails
 35854 | D:14     | Received a gift from Okawaru
 35854 | D:14     | Found the +1 cloak of Starlight {*Dazzle EV+4 Stlth--}
 37326 | Vaults:2 | Reached XP level 20. HP: 66/140 MP: 29/29
 37340 | Vaults:2 | Noticed Xtahua
 38384 | Vaults:2 | Identified the +6 halberd of Premature Burial {vorpal, rC++
                  | Str+6}
 38839 | Vaults:2 | Killed Xtahua
 39188 | Abyss:2  | Cast into level 2 of the Abyss (a wizard)
 39295 | Abyss:2  | Reached skill level 1 in Stealth
 39319 | Abyss:2  | Found a basalt altar of Yredelemnul.
 39334 | Abyss:2  | Reached skill level 19 in Maces & Flails
 39409 | Abyss:3  | Received a gift from Okawaru
 39483 | Abyss:3  | Reached skill level 15 in Armour
 39522 | Vaults:2 | Escaped the Abyss
 39587 | Vaults:2 | Received a gift from Okawaru
 40550 | Vaults:2 | Found a staircase to the Crypt.
 40550 | Vaults:2 | Found a basalt altar of Yredelemnul.
 40551 | Vaults:2 | Found an ancient bone altar of Kikubaaqudgha.
 40569 | Vaults:2 | Received a gift from Okawaru
 41281 | Vaults:3 | Noticed Margery
 41281 | Vaults:3 | You are sucked into a shaft and drop 1 floor!
 41301 | Vaults:4 | Reached skill level 5 in Stealth
 41684 | Vaults:3 | Reached skill level 10 in Dodging
 41825 | Vaults:3 | Received a gift from Okawaru
 42014 | Vaults:3 | Reached XP level 21. HP: 146/146 MP: 30/30
 44081 | Vaults:3 | Killed Margery
 44319 | Vaults:3 | Identified the +6 glaive "Cine Hib" {drain, rPois Dex+4
                  | Stlth+}
 44467 | Vaults:3 | Reached skill level 20 in Maces & Flails
 45947 | Vaults:4 | Received a gift from Okawaru
 46408 | Vaults:4 | Identified the +10 great mace of Accidental Termination
                  | {flame, *Noise rPois rC++ Dex+2} (Okawaru gifted it to you
                  | on level 4 of the Vaults)
 46408 | Vaults:4 | Received a gift from Okawaru
 47872 | Depths:1 | Entered Level 1 of the Depths
 48144 | Depths:1 | Reached XP level 22. HP: 152/152 MP: 31/31
 48359 | Depths:1 | Found a one-way gate leading to the halls of Pandemonium.
 48644 | Depths:1 | Identified the +2 pair of boots "Badd" {Str+3} (Okawaru
                  | gifted it to you on level 1 of the Depths)
 48644 | Depths:1 | Received a gift from Okawaru
 48968 | Depths:1 | Found a gateway to Hell.
 49976 | Depths:2 | Paralysed by an air elemental for 1 turns
 50015 | Depths:2 | Paralysed by an air elemental for 1 turns
 50090 | Depths:2 | Paralysed by an air elemental for 1 turns
 50093 | Depths:2 | Paralysed by an air elemental for 1 turns
 50175 | Depths:2 | Paralysed by a floating eye for 2 turns
 50236 | Depths:2 | Paralysed by an air elemental for 1 turns
 50660 | Depths:2 | Identified the +8 dagger "Akyuthoh" {distort, rN+}
 50669 | Depths:2 | Received a gift from Okawaru
 50680 | Depths:2 | Noticed the Enchantress
 50688 | Depths:2 | Killed the Enchantress
 51013 | Depths:2 | Found the brooch of Shielding {Spirit SH+8}
 51160 | Depths:2 | Identified the ring of Zeagitoj {Will+ rCorr SInv Stlth+}
 51163 | Depths:2 | Identified the +0 crystal plate armour "Ifri" {rN+ Int+4}
 51185 | Depths:2 | Found a one-way gateway to a ziggurat.
 51313 | Depths:2 | Identified the ring of Zigeur {rPois rF- Int+6 SInv}
 51321 | Depths:2 | Identified the +8 rapier of the Kissing Penguin {flame,
                  | Contam rElec rPois rF++}
 51420 | Depths:3 | Noticed Boris
 51434 | Depths:3 | Killed Boris
 51434 | Depths:3 | Received a gift from Okawaru
 51646 | Depths:3 | Identified the +8 sling of Unpleasantness {vorpal, Str+4
                  | Stlth+}
 51668 | Depths:3 | Received a gift from Okawaru
 51817 | Depths:3 | Identified the ring of Jihiq {Ice Str+3 Dex+2}
 51923 | Depths:3 | Reached XP level 23. HP: 92/156 MP: 32/32
 52148 | Depths:3 | Found a runed translucent gate.
 52148 | Depths:3 | Found a runed translucent gate.
 52148 | Depths:3 | Found a runed translucent gate.
 52208 | Depths:3 | Identified the +13 crystal plate armour of Weits {SInv}
                  | (Okawaru gifted it to you on level 3 of the Depths)
 52208 | Depths:3 | Received a gift from Okawaru
 52350 | Depths:3 | Noticed a golden dragon
 52377 | Depths:3 | Killed a golden dragon
 53768 | Depths:3 | Found the amulet of Vitality {RegenMP++ Regen++}
 53769 | Depths:3 | Noticed a royal mummy
 53789 | Depths:3 | Killed a royal mummy
 54345 | Depths:4 | Entered Level 4 of the Depths
 54586 | Depths:3 | Reached skill level 15 in Shields
 54863 | Depths:4 | Noticed a golden dragon
 55004 | Depths:4 | Received a gift from Okawaru
 55083 | Depths:4 | Found Pafownin's Magic Scroll Emporium.
 55115 | Depths:4 | Bought 3 scrolls of blinking for 337 gold pieces
 55115 | Depths:4 | Bought a scroll of enchant weapon for 112 gold pieces
 55177 | Depths:4 | Killed a golden dragon
 55190 | Depths:4 | Noticed a golden dragon
 55199 | Depths:4 | Killed a golden dragon
 55199 | Depths:4 | Received a gift from Okawaru
 55226 | Depths:4 | Identified the +3 ring mail of Plog {rPois Str+4}
 55710 | Depths:4 | Found a gate to the Realm of Zot.
 55724 | Depths:4 | Received a gift from Okawaru
 56358 | Vaults:5 | Entered Level 5 of the Vaults
 56360 | Vaults:5 | Noticed Mara
 56380 | Vaults:4 | Identified the +9 shortbow of Atoukun {vorpal, rN+ rCorr
                  | Int-5 Dex+3} (Okawaru gifted it to you on level 4 of the
                  | Vaults)
 56380 | Vaults:4 | Received a gift from Okawaru
 56493 | Vaults:4 | Reached XP level 24. HP: 120/164 MP: 32/32
 56653 | Vaults:5 | Noticed LaPetiteMort's illusion
 56690 | Arena    | Entered the Arena
 56725 | Vaults:5 | Noticed Jory
 56731 | Arena    | Entered the Arena
 56826 | Vaults:5 | Noticed LaPetiteMort's illusion
 56861 | Vaults:5 | Noticed Sojobo
 56885 | Vaults:4 | Received a gift from Okawaru
 56912 | Vaults:5 | Noticed LaPetiteMort's illusion
 56925 | Vaults:4 | Killed Sojobo
 56990 | Vaults:4 | Killed Jory
 57050 | Vaults:5 | Gained mutation: You are clumsy. (Dex -2) [mutagenic glow]
 57059 | Vaults:4 | Received a gift from Okawaru
 57062 | Vaults:4 | Gained mutation: Armour fits poorly on your strangely
                  | shaped body. [mutagenic glow]
 57179 | Arena    | Entered the Arena
 57228 | Vaults:5 | Noticed LaPetiteMort's illusion
 57308 | Vaults:4 | Killed Mara
 57816 | Vaults:5 | Received a gift from Okawaru
 57850 | Vaults:5 | Noticed a dread lich
 57863 | Vaults:5 | Killed a dread lich
 57863 | Vaults:5 | Received a gift from Okawaru
 57863 | Vaults:5 | Found the +3 pair of seven-league boots {Rampage+∞}
 57870 | Vaults:5 | Noticed Saint Roka
 57883 | Vaults:5 | Killed Saint Roka
 57920 | Vaults:5 | Reached skill level 21 in Maces & Flails
 58096 | Vaults:5 | Identified the ring of Vitzomiv {rPois Will++ Str+5 Dex+4}
 58274 | Vaults:5 | Reached XP level 25. HP: 53/172 MP: 33/33
 58274 | Arena    | Entered the Arena
 58305 | Vaults:5 | Identified the +4 halberd "Dief" {protect, rElec rPois
                  | Int-5}
 58382 | Vaults:5 | Identified the +4 falchion "Stringbean" {speed, Fly}
 58578 | Vaults:5 | Got a silver rune of Zot
 59338 | Orc:2    | Bought a scroll of teleportation for 54 gold pieces
 59338 | Orc:2    | Bought a scroll of fear for 72 gold pieces
 59338 | Orc:2    | Bought a scroll of fear for 72 gold pieces
 59341 | Orc:2    | Bought the amulet "Beunem" {rF++ Regen+ Str-2 Int+3} for
                  | 849 gold pieces
 59579 | Zot:1    | Entered Level 1 of the Realm of Zot
 59592 | Arena    | Entered the Arena
 59638 | Depths:4 | Reached skill level 15 in Invocations
 59647 | Arena    | Entered the Arena
 60465 | Depths:4 | Reached skill level 22 in Maces & Flails
 60573 | Zot:2    | Found Pecvafur's CLEARANCE SALE!.
 60747 | Zot:2    | Identified the ring "Luewibeq" {Ice Dex+3}
 60747 | Zot:2    | Noticed Josephina
 60837 | Zot:2    | Killed Josephina
 60845 | Zot:2    | Received a gift from Okawaru
 61202 | Zot:1    | Received a gift from Okawaru
 61227 | Arena    | Entered the Arena
 61294 | Zot:1    | Reached skill level 23 in Maces & Flails
 61688 | Zot:2    | Received a gift from Okawaru
 61829 | Zot:5    | Entered Level 5 of the Realm of Zot
 62172 | Zot:5    | Reached skill level 15 in Dodging
 62179 | Zot:5    | Received a gift from Okawaru
 62284 | Zot:5    | Noticed an ancient lich
 62294 | Zot:5    | Noticed an orb of fire
 62299 | Zot:5    | Killed an ancient lich
 62303 | Zot:5    | Noticed an orb of fire
 62307 | Zot:5    | Killed an orb of fire
 62307 | Zot:5    | Identified the +1 pair of boots "Earthly Heaven" {Rampage
                  | rElec Int-2} (Okawaru gifted it to you on level 5 of the
                  | Realm of Zot)
 62307 | Zot:5    | Received a gift from Okawaru
 62308 | Zot:5    | Gained mutation: You do not regenerate when monsters are
                  | visible. [an orb of fire]
 62312 | Zot:5    | Killed an orb of fire
 62313 | Zot:5    | Reached XP level 26. HP: 105/179 MP: 33/34
 62316 | Zot:5    | Noticed a dread lich
 62318 | Zot:5    | Noticed an orb of fire
 62424 | Zot:5    | Gained mutation: You are frail. (-10% HP) [an orb of fire]
 62433 | Zot:5    | Gained mutation: Your body sometimes deteriorates upon
                  | taking damage. [an orb of fire]
 62437 | Zot:5    | Killed an orb of fire
 62491 | Zot:2    | Lost mutation: Armour fits poorly on your strangely shaped
                  | body. [potion of mutation]
 62491 | Zot:2    | Lost mutation: You are frail. (-10% HP) [potion of
                  | mutation]
 62491 | Zot:2    | Gained mutation: Your spells are a little easier to cast,
                  | but a little less powerful. [potion of mutation]
 62491 | Zot:2    | Gained mutation: You are robust. (+10% HP) [potion of
                  | mutation]
 62492 | Zot:2    | Lost mutation: You are robust. (+10% HP) [potion of
                  | mutation]
 62492 | Zot:2    | Lost mutation: You do not regenerate when monsters are
                  | visible. [potion of mutation]
 62492 | Zot:2    | Gained mutation: You are robust. (+10% HP) [potion of
                  | mutation]
 62492 | Zot:2    | Gained mutation: You have a pair of small horns on your
                  | head. [potion of mutation]
 62580 | Zot:5    | Noticed an ancient lich
 62589 | Zot:5    | Killed an ancient lich
 62662 | Zot:5    | Noticed a dread lich
 62667 | Zot:5    | Killed a dread lich
 62681 | Zot:5    | Killed a dread lich
 62742 | Zot:5    | Noticed a Killer Klown
 62774 | Zot:5    | Killed a Killer Klown
 62870 | Zot:5    | Noticed a Killer Klown
 62886 | Zot:5    | Killed a Killer Klown
 62976 | Zot:5    | Noticed a Killer Klown
 62997 | Zot:5    | Killed a Killer Klown
 63130 | Zot:5    | Noticed a Killer Klown
 63149 | Zot:5    | Killed a Killer Klown
 63284 | Zot:5    | Noticed a Killer Klown
 63292 | Zot:5    | Noticed a Killer Klown
 63292 | Zot:5    | Killed a Killer Klown
 63301 | Zot:5    | Noticed a dread lich
 63308 | Zot:5    | Killed a dread lich
 63311 | Zot:5    | Noticed a Killer Klown
 63314 | Zot:5    | Noticed a Killer Klown
 63314 | Zot:5    | Killed a Killer Klown
 63319 | Zot:5    | Noticed a Killer Klown
 63326 | Zot:5    | Killed a Killer Klown
 63335 | Zot:5    | Killed a Killer Klown
 63500 | Zot:5    | Killed a Killer Klown
 63515 | Zot:5    | Noticed an ancient lich
 63516 | Zot:5    | Noticed a Killer Klown
 63541 | Zot:5    | Killed an ancient lich
 63541 | Zot:5    | Received a gift from Okawaru
 63556 | Zot:5    | Killed a Killer Klown
 63875 | Zot:5    | Noticed an ancient lich
 63907 | Zot:5    | Killed an ancient lich
 63907 | Zot:5    | Identified the +10 crystal plate armour of the Charming
                  | Gods {*Corrode +Inv rF++ Str+3} (Okawaru gifted it to you
                  | on level 5 of the Realm of Zot)
 63907 | Zot:5    | Received a gift from Okawaru
 64127 | Zot:5    | Got the Orb of Zot
 64517 | D:8      | Found a glowing silver altar of Zin.
 64520 | Arena    | Entered the Arena
 64644 | D:6      | Noticed Naojir the pandemonium lord
 64646 | D:6      | Noticed an ancient lich
 64775 | D:$      | Escaped with the Orb!

Illustrated notes

Levels and vault maps discovered:
D:1:      dpeg_arrival_shelter, layout_basic, basic_ecumenical_altar
D:2:      layout_rooms, serial_shops, shop, minmay_misc_feat_four_crosses,
          serial_bayou_lagoon_a
D:3:      layout_loops_ring, kennysheep_generic_room_10
D:4:      layout_loops_cross, minmay_temple_entry_butterflies
D:5:      wander_river, layout_loops_cross, gammafunk_ghost_stat_death,
          uniq_crazy_yiuf_cottage, uniq_menkaure, uniq_duvessa
D:6:      hangedman_cross_stitches, layout_basic, minmay_manual_monstrance,
          uniq_pikel
D:7:      layout_basic, gammafunk_ghost_necromancy, dk_noncrumbling_3,
          uniq_joseph
D:8:      layout_cave_pools, nicolae_overflow_hidden_temple, uniq_maurice,
          uniq_prince_ribbit1
D:9:      layout_roguey, ashenzari_altar_1, grunt_qazlal_sundering,
          lair_entry_dummy, ploomutoo_gammafunk_ghost_potion_laboratory
D:10:     layout_long_grid, mainiacjoe_overflow_six_doors_small, serial_bayou,
          serial_bayou_pond_c, serial_bayou_pond_d, serial_bayou_crossing,
          serial_bayou_pond_b, serial_bayou_pond_e, serial_bayou_pond_c,
          enter_bailey_3, dilly_guarded_unrand_devastator
D:11:     layout_basic, minmay_orc_entry_guard_dogs, enter_trove_0
D:12:     layout_roguey, gammafunk_ghost_nasty_kobolds,
          nicolae_uskayaw_dance_hall, uniq_sonja
D:13:     layout_loops_ring, nicolae_wu_jian_wuxing_cycle
D:14:     layout_cave_pods, david_vaults_2, minivault_14
D:15:     hangedman_depths_entry_civil_slaughter, layout_irregular_city,
          serial_ice, serial_ice_j, serial_ice_g, serial_ice_e, serial_ice_b,
          serial_ice_a, serial_ice_f, serial_ice_n, st_stairs_4
Temple:   nicolae_temple_bog_church
Lair:1:   layout_layer_cave, ebering_ghost_inner_flame, grunt_megastairs_2,
          serial_bayou_shore_b
Lair:2:   layout_regular_city, portal_ice_cave_rime
Lair:3:   layout_small_grid, palyth_hydra_swamp_entry,
          hellmonk_spider_entry_life_and_decay, hangedman_lair_unloving_vines,
          lemuel_fruit_tree, serial_bayou_shore_a, grunt_megastairs_5,
          uniq_snorg
Lair:4:   layout_hall_layers, gauntlet_entry_generic, uniq_urug
Lair:5:   hellmonk_lair_end_abyssal_woods, layout_concentric_octagons,
          slime_entry_1, special_room [special_room_bee],
          chequers_serial_rivers_micro_b
Swamp:1:  layout_basic_swamp, serial_swamp_ruin, evilmike_swamp_ruin_house_3,
          evilmike_swamp_ruin_house_4
Swamp:2:  layout_basic_swamp, evilmike_swamp_ruin_house_6, swamp_pool1,
          lightli_tree_ring
Swamp:3:  layout_basic_swamp, evilmike_swamp_ruin_house_1
Swamp:4:  swamp, layout_basic_swamp
Spider:1: layout_cave_pods, hive_lemuel, uniq_louise
Spider:2: layout_spider_delve
Spider:3: layout_spider_delve, drop_trap, uniq_arachne, uniq_roxanne
Spider:4: spider_rune_water, nicolae_spider_orb_run
Orc:1:    layout_diamond_mine, basic_altar, uniq_erica, uniq_harold
Orc:2:    st_orc_mages, layout_caves, uniq_donald
Vaults:1: nicolae_vaults_stairing_the_circle, v_misc_3,
          ontoclasm_vaults_ring_square, ontoclasm_vaults_gallery,
          vaults_mumra_chevron_long, v_rooms_5, nicolae_vaults_border_crossing,
          vaults_room_semicircle, ontoclasm_vaults_decontamination,
          ontoclasm_vaults_fault, layout_vaults_quadrants, uniq_nikola
Vaults:2: v_misc_12, v_misc_2, v_pattern_3, vaults_room_guarded_vault,
          dpeg_vaults_monster_row, v_misc_4, minmay_crypt_entry_necro_gods,
          grunt_vaults_hallway_short, vaults_room_door_hall,
          ontoclasm_vaults_twist, grunt_vaults_hallway_long,
          nicolae_vaults_little_squares_4, layout_vaults_maze_bifur, uniq_xtahua
Vaults:3: hangedman_vaults_stretched_pinwheel, v_rooms_2,
          grunt_vaults_trifunnel, vaults_dpeg_spiral, hangedman_vaults_slither,
          v_alt_pattern_6, ontoclasm_vaults_ring_small,
          hangedman_vaults_capsules, hangedman_vaults_nails,
          ontoclasm_vaults_pinch, layout_vaults_omnibox, uniq_margery
Vaults:4: v_misc_25, nicolae_vaults_network_quincunx
          [nicolae_vaults_network_quincunx_subvault,
          nicolae_vaults_network_quincunx_subvault,
          nicolae_vaults_network_quincunx_subvault,
          nicolae_vaults_network_quincunx_subvault,
          nicolae_vaults_network_quincunx_subvault], v_misc_9,
          special_room_vaults [special_room_orc], grunt_vaults_focal,
          vaults_mumra_hex, v_rooms_4, nicolae_vaults_mini_display_case,
          hangedman_vaults_maws, v_misc_8, vaults_dpeg_diagonal,
          layout_vaults_big_room
Vaults:5: serial_shops, uniq_saint_roka, uniq_jory, uniq_sojobo, uniq_mara
Depths:1: layout_basic, skrybe_limestone_x, grunt_hell_entry_dis_grunt,
          pan_entry, due_unseen_surprise, grunt_megastairs_3
Depths:2: radiant_caverns_b_rkd, hell_entry, abyss_entry, pan_entry,
          uniq_enchantress
Depths:3: ragdoll_tomb_raider, layout_cross, hellmouth_3, abyss_entry,
          grunt_pan_entry_sceptre, kennysheep_crisscross,
          minmay_stone_trees_large, chequers_serial_rivers_micro_c,
          pandoras_box_mu, uniq_boris
Depths:4: grunt_zot_entry_funnels, layout_cave_pools, serial_shops,
          nicolae_shop_trees, abyss_entry, grunt_hell_entry_demonic_statue,
          minmay_misc_feat_tower
Zot:1:    layout_basic
Zot:2:    layout_misc_corridors, hangedman_zot_decor_slant,
          nicolae_shop_clearance, uniq_josephina
Zot:3:    layout_gridlike
Zot:4:    layout_cathedral_of_symmetry, gammafunk_ghost_tricky_traps,
          guppyfry_library_mini, uniq_grunn
Zot:5:    layout_twisted_circle

Skill      XL: |  1  2  3  4  5  6  7  8  9 10 11 12 13 14 15 16 17 18 19 20 21 22 23 24 25 26 |
---------------+-------------------------------------------------------------------------------+-----
Armour         | 4 5 6 7 12 14 15 17 20 22 | 22.6
Fighting       | 4 5 6 10 12 14 15 16 19 20 22 | 22.6
Maces & Flails | 3 4 6 9 12 14 16 18 19 20 21 23 | 23.5
Invocations    | 1 4 5 6 8 9 12 14 15 | 15.0
Dodging        | 1 5 8 10 12 14 15 16 | 16.0
Shields        | 7 9 12 16 | 16.0
Throwing       | 2 8 11 12 | 12.0
Stealth        | 5 8 |  8.0

Action                   |  1- 3 |  4- 6 |  7- 9 | 10-12 | 13-15 | 16-18 | 19-21 | 22-24 | 25-27 || total
-------------------------+-------+-------+-------+-------+-------+-------+-------+-------+-------++-------
Melee: Flail             |    22 |    26 |       |       |       |       |       |       |       ||    48
       Whip              |   115 |   157 |   140 |       |       |       |       |       |       ||   412
       Punch             |     2 |     3 |     3 |     1 |       |       |       |       |       ||     9
       Dire flail        |       |       |   206 |   249 |       |       |       |       |       ||   455
       Shillelagh        |       |       |       |   217 |   817 |   870 |       |       |       ||  1904
       Eveningstar       |       |       |       |       |       |   410 |  1568 |  2074 |  1058 ||  5110
       Headbutt          |       |       |       |       |       |       |       |       |   110 ||   110
Throw: Javelin           |       |       |       |     4 |       |    24 |    53 |    22 |    18 ||   121
       Boomerang         |       |       |       |       |       |       |     1 |       |       ||     1
Invok: Heroism           |       |     3 |     7 |     9 |     5 |    10 |    16 |     5 |     5 ||    60
       Finesse           |       |       |       |     1 |     4 |     5 |     7 |     3 |     1 ||    21
       Duel              |       |       |       |       |       |     1 |       |     3 |     5 ||     9
Evoke: Wand              |       |       |       |     1 |       |     1 |       |       |       ||     2
  Use: Scroll            |     6 |     3 |     4 |     6 |     9 |     9 |    14 |     3 |    11 ||    65
       Potion            |       |     1 |     1 |     1 |     4 |     1 |     4 |     2 |    15 ||    29
 Stab: Distracted        |       |       |       |       |       |     3 |       |     2 |       ||     5
       Confused          |       |       |       |       |       |     2 |       |       |       ||     2
Armor: Scale mail        |    72 |   120 |   161 |       |       |       |       |       |       ||   353
       Chain mail        |       |       |    27 |   263 |   296 |   877 |   579 |       |       ||  2042
       Plate armour      |       |       |       |       |     1 |       |    44 |   349 |       ||   394
       Crystal plate arm |       |       |       |       |       |       |       |  1335 |   932 ||  2267
Dodge: Dodged            |    60 |    93 |   160 |   192 |   237 |   610 |   524 |  1022 |   501 ||  3399
       Repelled          |       |       |     3 |     2 |     6 |    13 |     3 |    34 |    32 ||    93
Block: Buckler           |       |       |       |    49 |   353 |    38 |       |       |       ||   440
       Reflection        |       |       |       |     3 |    11 |    24 |    87 |    34 |    17 ||   176
       Other             |       |       |       |     3 |       |       |       |       |       ||     3
       Kite shield       |       |       |       |       |       |  1146 |  1161 |  1657 |   604 ||  4568
